 Dungeon Crawl Stone Soup version 0.19-a0-1457-g32fba05 (webtiles) character file.

494 Legolas the Slasher (level 6, 0/43 HPs)
             Began as a High Elf Fighter on Sept 6, 2016.
             Succumbed to Duvessa's poison
             ... on level 4 of the Dungeon.
             The game lasted 00:05:10 (3833 turns).

Legolas the Slasher (High Elf Fighter)              Turns: 3833, Time: 00:05:11

Health: 0/43       AC: 15    Str: 17    XL:     6   Next: 92%
Magic:  7/7        EV: 11    Int:  9    God:
Gold:   119        SH:  0    Dex: 18    Spells: 0 memorised, 5 levels left

rFire  + . .     SeeInvis .     a - +1 long sword
rCold  . . .     Gourm    .     b - +0 scale mail
rNeg   . . .     Faith    .     (no shield)
rPois  .         Spirit   .     d - +0 helmet
rElec  .         Dismiss  .     o - +1 cloak
rCorr  .         Reflect  .     (no gloves)
MR     .....     Harm     .     k - +1 pair of boots
Stlth  ..........               (no amulet)
                                s - ring of protection from fire
                                g - +3 ring of protection

@: lethally poisoned (0 -> -17), very slightly contaminated
A: agile 1, dopey 1, screaming 1
a: no special abilities


You were on level 4 of the Dungeon.
You were hungry.

You visited 1 branch of the dungeon, and saw 4 of its levels.

You collected 119 gold pieces.

Inventory:

Hand Weapons
 a - a +1 long sword (weapon)
Armour
 b - a +0 scale mail (worn)
 c - a +0 shield
 d - a +0 helmet (worn)
 e - a +0 leather armour of magic resistance
 j - a +0 plate armour
 k - a +1 pair of boots (worn)
 o - a +1 cloak (worn)
Jewellery
 g - a +3 ring of protection (left hand)
 h - an uncursed ring of flight {unknown}
 s - a ring of protection from fire (right hand)
Wands
 l - a wand of iceblast (0/15)
 u - a wand of polymorph (2/24)
Potions
 m - a potion of cure mutation
 n - a potion of flight
Comestibles
 f - 4 bread rations
 i - 2 fruits
 r - a beef jerky


   Skills:
 + Level 4.0 Fighting
 * Level 5.9 Long Blades
 + Level 4.2 Armour
 + Level 3.1 Dodging
 - Level 2.6 Shields
 + Level 0.4 Evocations


You had 5 spell levels left.
You didn't know any spells.

Dungeon Overview and Level Annotations

Branches:
Dungeon (4/15)
 Temple: D:4-7

Altars:
Ashenzari

Annotations:
D:4 Dowan, Duvessa


Innate Abilities, Weirdness & Mutations

You are agile. (Dex +2)
You are dopey. (Int -2)
You occasionally shout uncontrollably at your foes.


Message History

You hear an angry hiss.
Duvessa zaps a wand.
Some rock shatters into small pieces.
Dowan casts a spell.
Dowan blinks!
You shout at the quokka!
A quokka comes into view.
You feel better. Duvessa barely misses you. The quokka bites you.
* * * LOW HITPOINT WARNING * * *
Found an escape hatch in the ceiling.
Duvessa hits you with a short sword of venom.
* * * LOW HITPOINT WARNING * * *
You are poisoned.
The quokka bites you.
* * * LOW HITPOINT WARNING * * *
Duvessa hits you with a short sword of venom.
* * * LOW HITPOINT WARNING * * *
You are more poisoned.
You die...

#< #. .# # #. #.#
.##.## #.#
<...###.## #
#..##...## #.
#.r#.....## #.###
#..@......##.#
#....
#..e.........#
#.#.#
##.......?##### ##.
#.............## ##
#..........###.###.
#.e#..####.# #..#>#
#..#.## #..# #.#.##
#...## #.#.###.....
#..# #.##.##...###


You could see Duvessa, Dowan and a quokka.

Vanquished Creatures
  Sigmund (D:3)
  A scorpion (D:4)
  Crazy Yiuf (D:3)
  Ijyb (D:2)
  Natasha (twice) (D:3)
  An orc wizard (D:3)
  Robin (D:3)
  4 adders
  An ooze (D:1)
  2 worms
  2 dart slugs (D:1)
  2 giant geckos
  6 orcs
  A ball python (D:3)
  5 giant cockroaches
  12 goblins
  13 hobgoblins
  A quokka (D:3)
  8 bats
  3 giant newts
  8 kobolds
  A quokka skeleton (D:4)
  7 rats
84 creatures vanquished.

Notes
Turn   | Place    | Note
-------+----------+-------------------------------------------
     0 | D:1      | Legolas the High Elf Fighter began the quest for the Orb.
     0 | D:1      | Reached XP level 1. HP: 16/16 MP: 2/2
   250 | D:1      | Reached XP level 2. HP: 16/21 MP: 3/3
   771 | D:1      | Reached XP level 3. HP: 23/26 MP: 4/4
   815 | D:1      | Reached skill level 3 in Long Blades
  1284 | D:2      | Reached skill level 1 in Dodging
  1479 | D:2      | Noticed Ijyb
  1501 | D:2      | Killed Ijyb
  1501 | D:2      | Reached XP level 4. HP: 27/31 MP: 5/5
  1747 | D:2      | Found a shattered altar of Ashenzari.
  1880 | D:3      | Noticed Robin
  1891 | D:3      | Reached skill level 4 in Long Blades
  1893 | D:3      | Killed Robin
  1893 | D:3      | Reached XP level 5. HP: 8/36 MP: 6/6
  2358 | D:3      | Noticed Sigmund
  2369 | D:3      | Killed Sigmund
  2369 | D:3      | Reached skill level 5 in Long Blades
  2369 | D:3      | Reached XP level 6. HP: 18/43 MP: 7/7
  3282 | D:3      | Noticed Natasha
  3290 | D:3      | Killed Natasha
  3520 | D:3      | Noticed Natasha
  3527 | D:3      | Killed Natasha
  3564 | D:3      | Found a runed door.
  3568 | D:3      | Noticed Crazy Yiuf
  3582 | D:3      | Killed Crazy Yiuf
  3810 | D:4      | Noticed Duvessa
  3810 | D:4      | Noticed Dowan
  3818 | D:4      | Gained mutation: You are agile. (Dex +2) [potion of mutation]
  3818 | D:4      | Gained mutation: You are dopey. (Int -2) [potion of mutation]
  3818 | D:4      | Gained mutation: You occasionally shout uncontrollably at your foes. [potion of mutation]
  3832 | D:4      | HP: 2/43 [Duvessa/short sword of venom (5)]
  3833 | D:4      | Succumbed to Duvessa's poison

Vault maps used:
D:1:      dpeg_arrival_simpleton_c, minmay_misc_feat_rows, minmay_tromino_v4_b
D:2:      ashenzari_altar_1, uniq_iyjb
D:3:      columned_hall_lemuel, uniq_robin, uniq_sigmund, uniq_natasha,
          uniq_crazy_yiuf_cottage
D:4:      minmay_wonky_spiral, nicolae_overflow_crystal_walls, first_bread,
          uniq_duvessa, uniq_pikel

Skill      XL: |  1  2  3  4  5  6 |
---------------+-------------------+-----
Armour         | 3 4 |  4.2
Long Blades    | 3 4 5 |  5.9
Dodging        | 1 2 3 |  3.1
Fighting       | 4 |  4.0
Shields        | |  2.6
Evocations     | |  0.4

Action                   |  1- 3 |  4- 6 || total
-------------------------+-------+-------++-------
Melee: Long sword        |   160 |   196 ||   356
Evoke: Wand              |       |     3 ||     3
  Use: Potion            |       |     8 ||     8
       Scroll            |       |     6 ||     6
 Stab: Invisible         |       |     1 ||     1
  Eat: Chunk             |     1 |     6 ||     7
       Fruit             |       |     1 ||     1
       Beef jerky        |       |     1 ||     1
Armor: Scale mail        |    62 |    60 ||   122
       Robe              |       |     9 ||     9
       Skin              |       |     4 ||     4
Dodge: Dodged            |    73 |   104 ||   177
